 Dungeon Crawl Stone Soup version 0.21.1-1-g345015fe64 (webtiles) character file.

116 Diskomyrkkyluikero the Cudgeler (level 5, -7/45 HPs)
             Began as a Hill Orc Berserker on Apr 2, 2018.
             Was a Believer of Trog.
             Mangled by an orc warrior
             ... wielding a +0 flail
              (18 damage)
             ... on level 2 of the Dungeon.
             The game lasted 00:03:11 (1233 turns).

Diskomyrkkyluikero the Cudgeler (HOBe)              Turns: 1233, Time: 00:03:11

Health: -7/45      AC:  5    Str: 25    XL:     5   Next: 1%
Magic:  5/5        EV: 11    Int:  7    God:    Trog [**....]
Gold:   99         SH:  0    Dex: 10    Spells: 4/4 levels left

rFire    . . .     SeeInvis .   a - +0 mace
rCold    . . .     Gourm    .   (no shield)
rNeg     . . .     Faith    .   n - +0 ring mail
rPois    .         Spirit   .   (no helmet)
rElec    .         Reflect  .   (no cloak)
rCorr    .         Harm     .   (no gloves)
MR       .....                  (no boots)
Stlth    +.........             (no amulet)
HPRegen  0.15/turn              f - +4 ring of strength
MPRegen  0.09/turn              (no ring)

@: berserk cooldown, slowed, very slow
A: no striking features
a: Berserk, Trog's Hand, Burn Spellbooks, Renounce Religion


You were on level 2 of the Dungeon.
You worshipped Trog.
Trog was pleased with you.
You were very hungry.

You visited 1 branch of the dungeon, and saw 2 of its levels.

You collected 99 gold pieces.

Inventory:

Hand Weapons
 a - a +0 mace (weapon)
Armour
 n - a +0 ring mail (worn)
Jewellery
 f - a +4 ring of strength (left hand)
Scrolls
 d - a scroll of enchant armour {unknown}
 h - a scroll of amnesia {unknown}
 l - 2 scrolls of remove curse {unknown}
 m - a scroll of identify {unknown}
 p - a scroll of random uselessness {unknown}
Potions
 b - a potion of agility {unknown}
 e - a potion of degeneration {unknown}
 g - 2 potions of flight {unknown}
 i - a potion of lignification {unknown}
 j - 2 potions of heal wounds {unknown}
 k - a potion of brilliance {unknown}
 o - a potion of ambrosia {unknown}
 q - a potion of cancellation {unknown}
Comestibles
 c - 5 rations


   Skills:
 - Level 3.6 Fighting
 + Level 5.9 Maces & Flails
 - Level 2.1 Armour
 - Level 1.5 Dodging
 + Level 0.6 Stealth


You had 4 spell levels left.
You didn't know any spells.

Dungeon Overview and Level Annotations

Branches:
Dungeon (2/15)

Altars:
Ashenzari


Message History

You feel yourself slow down. The orc warrior closely misses you.
You hit the orc warrior.
The orc warrior is heavily wounded.
The orc warrior hits you with a flail!
Unknown command.
You hit the orc warrior but do no damage.
The orc warrior is heavily wounded.
The orc warrior hits you with a flail! The orc warrior closely misses you.
You sock the orc warrior!
The orc warrior is severely wounded.
The orc warrior completely misses you.
You barely miss the orc warrior.
The orc warrior is severely wounded.
The orc warrior misses you.
You closely miss the orc warrior.
The orc warrior is severely wounded.
The orc warrior hits you with a flail.
* * * LOW HITPOINT WARNING * * *
The orc warrior hits you with a flail!!
You die...

### #.# ..#
############.#
#..........#.#
#.########.#.# #.#
##'#.### #.# #......#
#@# #......# #o#
#......# .......ol#
#......# ...........
#......## .............
#.......#
..#.#......).##.......##
. #.#........###+####.#.
# ..#+#...... #.#. ###
..##########.#.


You could see an orc warrior, an orc and a frilled lizard.

Vanquished Creatures
  An orc wizard (D:2)
  An adder (D:2)
  3 oozes (D:2)
  A worm (D:2)
  A dart slug (D:1)
  4 leopard geckos
  2 orcs (D:2)
  4 goblins (D:1)
  7 hobgoblins
  6 jackals (D:2)
  3 ball pythons
  7 bats
  2 frilled lizards (D:2)
  4 kobolds
  5 rats
51 creatures vanquished.

Notes
Turn   | Place    | Note
-------+----------+-------------------------------------------
     0 | D:1      | Diskomyrkkyluikero the Hill Orc Berserker began the quest for the Orb.
     0 | D:1      | Reached XP level 1. HP: 19/19 MP: 1/1
   300 | D:1      | Reached XP level 2. HP: 26/26 MP: 2/2
   302 | D:1      | Reached skill level 4 in Maces & Flails
   457 | D:1      | Reached ** piety under Trog
   457 | D:1      | Reached XP level 3. HP: 19/31 MP: 3/3
   871 | D:2      | Reached skill level 5 in Maces & Flails
  1022 | D:2      | Reached XP level 4. HP: 36/39 MP: 4/4
  1143 | D:2      | Found a shattered altar of Ashenzari.
  1209 | D:2      | Noticed an orc warrior
  1227 | D:2      | Reached XP level 5. HP: 45/45 MP: 5/5
  1233 | D:2      | Mangled by an orc warrior

Skill      XL: |  1  2  3 |
---------------+----------+-----
Maces & Flails | 4 5 |  5.9
Fighting       | |  3.6
Armour         | |  2.1
Dodging        | |  1.5
Stealth        | |  0.6

Action                   |  1- 3 |  4- 6 || total
-------------------------+-------+-------++-------
Melee: Mace              |   122 |    33 ||   155
Invok: Berserk           |     1 |     1 ||     2
  Use: Scroll            |       |     1 ||     1
  Eat: Chunk             |     2 |       ||     2
Armor: Animal skin       |    24 |       ||    24
       Ring mail         |    20 |     6 ||    26
Dodge: Dodged            |   100 |    18 ||   118
